Map: Galactic Process LE

Players

Tenonee - Winner!

  • Race: Terran Terran
  • League: Platinum

yoggi

  • Race: Terran Terran
  • League: Platinum

VOD

Have the link to the VOD?

Description

Time

  • Played on: July 23, 2016, 7:14 a.m.
  • Length: 8:39
Show
View Real Time Build Order
Export as new Build Order

Tenonee Terran - Winner!

Build Orders: Reaper Expand, MMM Bio 

Get SALT Encoding   

  12  0:01  SCV  
  13  0:13  SCV  
  14  0:17  Supply Depot  
  14  0:27  SCV  
  15  0:39  SCV  
  15  0:40  Barracks  
  16  0:46  Refinery  
  16  0:51  SCV  
  17  1:00  Supply Depot  
  17  1:04  SCV  
  18  1:16  SCV  
  19  1:30  Orbital Command  
  19  1:32  Reaper  
  20  1:53  Command Center  
  20  1:57  SCV  
  21  2:08  Marine  
  22  2:09  SCV  
  23  2:18  Factory  
  23  2:21  SCV  
  24  2:33  SCV  
  25  2:37  Barracks Reactor  
  25  2:45  SCV  
  25  2:49  Barracks  
  26  2:58  SCV  
  27  3:02  Refinery  
  27  3:06  Orbital Command  
  27  3:10  Factory Tech Lab, SCV  
  28  3:13  Marine  
  28  3:14  Marine  
  30  3:22  SCV  
  31  3:31  Marine x2  
  33  3:34  SCV  
  33  3:37  SCV  
  33  3:40  Engineering Bay  
  34  3:43  Barracks Tech Lab  
  34  3:44  Siege Tank  
  34  3:46  SCV  
  38  3:49  Marine x2, SCV  
  41  3:58  SCV  
  41  4:01  Starport, SCV  
  43  4:07  Marine  
  43  4:08  Supply Depot  
  43  4:09  Missile Turret  
  44  4:10  SCV  
  44  4:13  SCV  
  46  4:20  Supply Depot  
  46  4:29  Marine x3, SCV  
  46  4:30  SCV  
  51  4:34  Missile Turret  
  51  4:40  Viking, Stimpack  
  51  4:41  SCV  
  51  4:45  SCV  
  55  4:50  Supply Depot  
  55  4:53  Terran Infantry Weapons Level 1, SCV  
  55  4:54  Marine x2  
  55  4:57  SCV  
  59  5:05  SCV  
  59  5:06  Marine  
  61  5:10  SCV  
  61  5:11  Supply Depot x2  
  61  5:12  Marine  
  61  5:14  Siege Tank  
  66  5:18  SCV  
  64  5:33  Marine  
  64  5:34  Marine x2  
  67  5:35  Medivac  
  67  5:37  SCV x2  
  67  5:39  Refinery  
  67  5:40  Refinery  
  71  5:45  Supply Depot  
  71  5:49  SCV x2  
  73  5:50  Engineering Bay  
  73  5:51  Marine x2  
  75  5:59  Command Center  
  75  6:01  SCV x2  
  74  6:19  Marine x2  
  76  6:27  Marine  
  76  6:29  Siege Tank  
  80  6:37  Marine x2, Barracks x2  
  82  6:40  Missile Turret  
  82  6:45  Marine  
  81  6:49  SCV x2  
  83  6:55  Marine  
  83  6:56  Starport Reactor  
  83  6:57  Combat Shields, Armory  
  84  7:01  SCV x2  
  86  7:10  Marine x2  
  86  7:12  Siege Tank  
  86  7:13  Marine, SCV x2  
  86  7:14  Orbital Command  
  94  7:25  SCV  
  94  7:26  Barracks Tech Lab, Barracks Reactor, SCV  
  94  7:29  Supply Depot  
  96  7:35  Supply Depot  
  96  7:38  SCV x2  
  96  7:42  Marine x2  
  96  7:43  Marine  
  101  7:45  Medivac  
  101  7:48  Siege Tank  
  101  7:49  SCV  
  101  7:50  SCV  
  108  7:59  Marine  
  108  8:00  Marine x3  
  108  8:03  Marine  
  108  8:04  Marine  
  111  8:13  SCV x2  
  111  8:17  Marine  
  111  8:18  Marine x3  
Show
View Real Time Build Order
Export as new Build Order

yoggi Terran 

Build Orders: 1/1/1, Liberator Opening 

Get SALT Encoding   

  12  0:01  SCV  
  13  0:13  SCV  
  14  0:20  Supply Depot  
  14  0:26  Refinery  
  14  0:30  SCV  
  15  0:46  Barracks  
  15  0:51  SCV  
  16  1:04  SCV  
  17  1:16  Supply Depot, SCV  
  18  1:28  SCV  
  19  1:33  Factory  
  19  1:40  Refinery  
  19  1:45  Marine  
  20  1:55  SCV  
  21  2:03  Marine  
  21  2:20  Starport  
  21  2:21  Marine  
  21  2:22  Factory Reactor  
  22  2:24  SCV  
  23  2:36  SCV  
  24  2:39  Marine  
  25  2:44  Supply Depot  
  25  2:52  Liberator  
  25  2:53  Liberator  
  25  2:57  Marine  
  32  3:31  SCV  
  33  3:35  Liberator, Supply Depot  
  36  4:05  Command Center  
  36  4:06  Liberator, Marine  
  37  4:20  Engineering Bay  
  40  4:44  SCV  
  41  4:48  Missile Turret  
  41  4:55  Factory Tech Lab  
  41  4:56  SCV  
  39  5:31  SCV  
  39  5:33  Siege Tank  
  39  5:34  Medivac  
  45  5:43  SCV  
  45  5:48  Missile Turret  
  46  5:55  SCV  
  48  5:58  Orbital Command  
  47  6:07  SCV  
  48  6:19  SCV  
  48  6:31  SCV  
  48  6:43  SCV  
  49  6:49  SCV  
  50  6:56  SCV  
  50  7:01  SCV  
  52  7:08  SCV  
  50  7:13  SCV  
  51  7:20  SCV  
  51  7:22  Siege Tank  
  55  7:23  Command Center  
  55  7:25  SCV  
  55  7:27  Barracks  
  56  7:30  Barracks  
  56  7:32  SCV  
  57  7:37  SCV  
  57  7:39  Barracks Tech Lab  
  58  7:44  SCV  
  58  7:49  SCV  
  59  7:56  SCV  
  60  8:01  SCV  
  61  8:08  SCV  
  62  8:24  SCV  
Tags
 
Add a new tag
Caveats
  • Supply blocks, unpowered buildings, or Contaminate may cause inaccurate times.
  • Supply counts are checked every 10 seconds.